 Dungeon Crawl Stone Soup version 0.22-a0-147-gfdd7f25 (webtiles) character file.

15520 Alarkh the Carver (level 12, 86/86 HPs)
             Began as a Demonspawn Fighter on Feb 5, 2018.
             Was an Elder of Qazlal.
             Got out of the dungeon alive.
             The game lasted 00:24:32 (12728 turns).

Alarkh the Carver (Demonspawn Fighter)             Turns: 12728, Time: 00:24:32

Health: 86/86      AC: 16    Str: 18    XL:     12   Next: 2%
Magic:  16/16      EV: 11    Int: 14    God:    Qazlal [****..]
Gold:   730        SH: 27    Dex: 14    Spells: 11/11 levels left

rFire    . . .     SeeInvis .   a - +4 long sword
rCold    + . .     Gourm    .   c - +0 shield
rNeg     . . .     Faith    .   w - +4 ring mail {rC+}
rPois    +         Spirit   .   q - +2 helmet
rElec    .         Reflect  +   P - +1 cloak {rPois}
rCorr    .         Harm     .   g - +0 pair of gloves
MR       .....                  (no boots)
Stlth    +.........             I - +3 amulet of reflection
HPRegen  0.24/turn              n - ring of flight
MPRegen  0.15/turn              (no ring)

@: repel missiles
A: hooves 2, large bone plates 3, agile 1, blink, demonic guardian 1,
nightstalker 1, evolution 1
a: Blink, Upheaval, Elemental Force, Renounce Religion, Evoke Flight


You escaped.
You worshipped Qazlal.
Qazlal was greatly pleased with you.
You were near starving.

You visited 3 branches of the dungeon, and saw 14 of its levels.
You also visited: Ossuary.

You collected 730 gold pieces.

Inventory:

Hand Weapons
 a - a +4 long sword (weapon)
 b - a +2 dagger of venom
Armour
 c - a +0 shield (worn)
 g - a +0 pair of gloves (worn)
 q - a +2 helmet (worn)
 w - a +4 ring mail of cold resistance (worn)
 P - a +1 cloak of poison resistance (worn)
 R - a +0 scale mail
Magical Staves
 Q - an uncursed staff of conjuration
Jewellery
 n - a ring of flight (left hand)
 E - an uncursed amulet of the gourmand
 I - a +3 amulet of reflection (around neck)
Wands
 p - a wand of clouds (6)
 r - a wand of iceblast (3)
 C - a wand of polymorph (3)
 N - a wand of acid (10)
 S - a wand of digging (11)
Scrolls
 e - 5 scrolls of identify
 k - 7 scrolls of remove curse
 l - a scroll of teleportation
 m - a scroll of fear
 t - 2 scrolls of noise
 u - 3 scrolls of random uselessness
 x - 3 scrolls of enchant armour
 y - a scroll of silence
 z - a scroll of immolation
 J - 2 scrolls of amnesia
 O - a scroll of fog
Potions
 d - 3 potions of might
 h - 4 potions of heal wounds
 i - a potion of magic
 j - 2 potions of lignification
 o - 3 potions of brilliance
 s - a potion of haste
 v - 3 potions of degeneration
 B - 6 potions of curing
 D - 3 potions of flight
 F - 2 potions of ambrosia
 G - 2 potions of agility
 H - a potion of mutation
 K - a potion of berserk rage
Books
 A - a book of Maledictions

   Spells                             Type                      Level
   a - Corona                         Hexes                        1
   b - Ensorcelled Hibernation        Hexes/Ice                    2
   c - Confuse                        Hexes                        3
   d - Tukima's Dance                 Hexes                        3
   e - Dazzling Spray                 Conjuration/Hexes            3
 L - a book of Geomancy

   Spells                             Type                      Level
   a - Sandblast                      Earth                        1
   b - Passwall                       Transmutation/Earth          2
   c - Stone Arrow                    Conjuration/Earth            3
   d - Petrify                        Transmutation/Earth          4
   e - Lee's Rapid Deconstruction     Earth                        5
Comestibles
 f - 17 rations


   Skills:
 + Level 5.1 Fighting
 * Level 13.9 Long Blades
 + Level 4.7 Armour
 + Level 3.6 Dodging
 * Level 8.2 Shields
 * Level 5.8 Invocations


You had 11 spell levels left.
You didn't know any spells.

Dungeon Overview and Level Annotations

Branches:
Dungeon (11/15)            Temple (1/1) D:5            Lair (2/6) D:10
    Orc (0/2) D:11
  Swamp: Lair:2-4    Shoals: Lair:2-4     Snake: Lair:2-4    Spider: Lair:2-4

Altars:
Ashenzari
Cheibriados
Dithmenos
Elyvilon
Fedhas
Gozag
Hepliaklqana
Kikubaaqudgha
Makhleb
Nemelex Xobeh
Okawaru
Qazlal
Ru
Sif Muna
Trog
Uskayaw
Vehumet
Wu Jian
Xom
Yredelemnul
Zin
The Shining One

Shops:
D:5 (   D:6 (   D:8 [


Innate Abilities, Weirdness & Mutations

You have hoof-like feet.
You are completely covered in large bone plates. (SH +8)
A weak demonic guardian rushes to your aid.
You are slightly more attuned to the shadows.
You are agile. (Dex +2)
You can translocate small distances at will.
You evolve.


Message History

There is a stone staircase leading up here.
You climb upwards.
There is a stone staircase leading down here.
You hear an angry hiss.
There is an open door here.
There is a stone staircase leading up here.
You climb upwards.
There is a stone staircase leading down here.
You see here a trident.
There is a stone staircase leading up here.
You climb upwards.
There is a stone staircase leading down here.
You are near starving!
You can't go up here!
(D) Dungeon (T) Temple (L) Lair (O) Orcish Mines
Where to? (Enter - D:1 @ (x,y), ? - help)
You see here a dagger.
There is a staircase leading out of the dungeon here.
Are you sure you want to leave the Dungeon?
This will make you lose the game!
You have escaped!

.........#####..##..#######......
..###...........##.........(#.##.
#...##........#........##.###.##.
##..##[##################.# #....
##.).############ #.# #.#..
................## #.###.#..
.......≈≈≈≈≈.....# #(##.....
......≈≈≈≈≈≈≈..§.# #)#..#...
......§≈§>$≈≈..§@# #.....##.
......≈≈§≈≈≈≈.§..# ##..(...#
.#.....≈≈≈≈§.....# #........
................## ##.......
.#...############ ##...#..
....### ##..#)# ....#.# #..#.#
.####.# #..#.. .# #.# #.....


There were no monsters in sight!

Vanquished Creatures
  A centaur warrior (D:9)
  A hydra (Lair:2)
  2 two-headed ogres
  Urug (Lair:2)
  An ugly thing (D:11)
  3 centaur zombies (D:11)
  A black mamba (Lair:1)
  A spiny frog (Lair:1)
  A komodo dragon (D:11)
  Prince Ribbit (D:9)
  4 hippogriffs
  A spriggan (D:9)
  A wyvern (D:10)
  11 yaks
  A hungry ghost (D:8)
  An acid dragon (D:11)
  Duvessa (D:7)
  5 water moccasins
  2 porcupines (D:10)
  2 sky beasts
  4 orc warriors
  2 phantoms
  3 ice beasts
  A necrophage (D:6)
  5 ogres
  2 eyes of draining (D:5)
  5 centaurs
  5 crocodiles
  12 bullfrogs
  2 big kobolds
  A wyvern skeleton (D:7)
  Dowan (D:7)
  4 scorpions
  15 killer bees
  4 wights (D:11)
  2 howler monkeys
  2 crimson imps
  A bullfrog zombie (D:8)
  A human zombie (Ossuary)
  5 hounds
  5 orc priests
  7 orc wizards
  2 centaur skeletons
  Ijyb (D:3)
  Natasha (twice) (D:3)
  An iguana (D:5)
  6 worker ants
  A big kobold zombie (Ossuary)
  2 hound zombies
  4 hound skeletons
  4 mummies (Ossuary)
  A worker ant zombie (D:7)
  2 howler monkey skeletons
  A howler monkey zombie (D:5)
  10 adders
  A shadow imp (D:6)
  An ooze (D:1)
  2 adder zombies
  An adder skeleton (D:8)
  5 worms
  3 dart slugs
  5 leopard geckos
  36 orcs
  2 bat zombies (D:5)
  6 giant cockroaches
  A gnoll zombie (Ossuary)
  6 goblins
  5 hobgoblins
  21 jackals
  17 kobolds
  4 quokkas
  9 bats
  7 frilled lizards
  A giant cockroach zombie (D:5)
  A goblin zombie (Ossuary)
  A hobgoblin zombie (Ossuary)
  A jackal skeleton (D:4)
  3 orc zombies (Ossuary)
  11 rats
  3 rat zombies (D:5)
321 creatures vanquished.

Vanquished Creatures (collateral kills)
  An orc warrior (D:11)
  An orc priest (D:11)
  An orc (D:11)
3 creatures vanquished.

Vanquished Creatures (others)
  Maurice (D:10)
  8 fungi
  5 plants
14 creatures vanquished.

Grand Total: 338 creatures vanquished

Notes
Turn   | Place    | Note
-------+----------+-------------------------------------------
     0 | D:1      | Alarkh the Demonspawn Fighter began the quest for the Orb.
     0 | D:1      | Reached XP level 1. HP: 18/18 MP: 1/1
    14 | D:1      | Reached skill level 2 in Long Blades
    29 | D:1      | Gained mutation: You are slightly more attuned to the shadows. [demonic ancestry]
    29 | D:1      | Reached XP level 2. HP: 13/24 MP: 2/2
   187 | D:1      | Reached skill level 3 in Long Blades
   246 | D:1      | Gained mutation: You are partially covered in large bone plates. (SH +4) [demonic ancestry]
   246 | D:1      | Reached XP level 3. HP: 21/29 MP: 3/3
  1189 | D:2      | Found a radiant altar of Vehumet.
  1421 | D:2      | Reached skill level 4 in Long Blades
  1421 | D:2      | Gained mutation: You have large cloven feet. [demonic ancestry]
  1421 | D:2      | Reached XP level 4. HP: 34/35 MP: 4/4
  2178 | D:3      | Noticed Natasha
  2188 | D:3      | Killed Natasha
  2193 | D:3      | Reached XP level 5. HP: 16/41 MP: 5/5
  2367 | D:3      | Reached skill level 5 in Long Blades
  2509 | D:3      | Found a white marble altar of Elyvilon.
  2594 | D:3      | Noticed Ijyb
  2620 | D:3      | Killed Ijyb
  2731 | D:3      | Noticed Natasha
  2741 | D:3      | Killed Natasha
  2910 | D:4      | Reached XP level 6. HP: 34/47 MP: 6/6
  2987 | D:4      | Reached skill level 6 in Long Blades
  3352 | D:4      | Found a stormy altar of Qazlal.
  3612 | D:4      | Found a shattered altar of Ashenzari.
  3699 | D:5      | Entered Level 5 of the Dungeon
  3716 | D:5      | Found a staircase to the Ecumenical Temple.
  3724 | D:5      | Reached skill level 7 in Long Blades
  3724 | D:5      | Gained mutation: You are mostly covered in large bone plates. (SH +6) [demonic ancestry]
  3724 | D:5      | Reached XP level 7. HP: 52/52 MP: 7/7
  3742 | Temple   | Entered the Ecumenical Temple
  3880 | D:4      | Became a worshipper of Qazlal Stormbringer
  4036 | D:5      | Found a bloodstained altar of Trog.
  4221 | D:5      | Reached skill level 8 in Long Blades
  4297 | D:5      | Found Fiwooj Onank's Weapon Shop.
  4432 | D:5      | Found an iron altar of Okawaru.
  4432 | D:5      | Found an ornate altar of the Wu Jian Council.
  4469 | D:5      | Reached * piety under Qazlal
  4477 | D:5      | Found an ancient bone altar of Kikubaaqudgha.
  4520 | D:6      | Gained mutation: You have hoof-like feet. [demonic ancestry]
  4520 | D:6      | Reached XP level 8. HP: 54/58 MP: 8/8
  4539 | D:6      | Reached skill level 9 in Long Blades
  4833 | D:6      | Reached skill level 10 in Long Blades
  4926 | D:6      | Found Hasecuy's Antique Weapon Shoppe.
  5351 | D:7      | Reached ** piety under Qazlal
  5434 | D:7      | Noticed a hippogriff
  5447 | D:7      | Killed a hippogriff
  5449 | D:7      | Reached XP level 9. HP: 46/63 MP: 9/9
  5542 | D:7      | Reached skill level 11 in Long Blades
  5774 | D:7      | Noticed Dowan
  5775 | D:7      | Noticed Duvessa
  5794 | D:7      | Killed Dowan
  5819 | D:7      | Killed Duvessa
  6014 | D:7      | Found a blossoming altar of Fedhas.
  6538 | D:8      | Found Saniej's Antique Armour Shop.
  6556 | D:8      | Found a sand-covered staircase.
  6565 | Ossuary  | Entered an ossuary
  6798 | D:8      | Noticed a two-headed ogre
  6946 | D:7      | Upgraded the game from 0.22-a0-142-g91cc6d7 to 0.22-a0-147-gfdd7f25
  6954 | D:8      | Noticed a two-headed ogre
  7004 | D:8      | Gained mutation: You can translocate small distances at will. [potion of mutation]
  7004 | D:8      | Gained mutation: You evolve. [potion of mutation]
  7022 | D:7      | Killed a two-headed ogre
  7022 | D:7      | Reached skill level 12 in Long Blades
  7123 | D:8      | Reached skill level 5 in Shields
  7123 | D:8      | Reached XP level 10. HP: 53/70 MP: 10/10
  7138 | D:8      | Reached *** piety under Qazlal
  7542 | D:8      | Killed a two-headed ogre
  7941 | D:8      | Found a shimmering altar of Xom.
  7944 | D:8      | Found a sparkling altar of Nemelex Xobeh.
  7947 | D:8      | Found a deep blue altar of Sif Muna.
  8021 | D:9      | Reached skill level 1 in Invocations
  8116 | D:9      | Noticed a centaur warrior
  8134 | D:9      | Killed a centaur warrior
  8134 | D:9      | Reached skill level 13 in Long Blades
  8278 | D:9      | Reached skill level 1 in Dodging
  8296 | D:9      | Noticed Prince Ribbit
  8505 | D:9      | Killed Prince Ribbit
  8990 | D:10     | Entered Level 10 of the Dungeon
  9265 | D:10     | Reached **** piety under Qazlal
  9288 | D:10     | Gained mutation: You are completely covered in large bone plates. (SH +8) [demonic ancestry]
  9288 | D:10     | Reached XP level 11. HP: 6/76 MP: 13/13
  9727 | D:10     | Noticed Maurice
  9829 | D:10     | Killed Maurice
  9944 | D:10     | Found a staircase to the Lair.
 10760 | D:11     | Noticed a cyan ugly thing
 10795 | D:11     | Killed a cyan ugly thing
 10928 | D:11     | Found a staircase to the Orcish Mines.
 11346 | D:11     | Gained mutation: You are agile. (Dex +2) [evolution]
 11632 | Lair:1   | Entered Level 1 of the Lair of Beasts
 11845 | Lair:1   | Reached skill level 5 in Invocations
 12370 | Lair:2   | Noticed a seven-headed hydra
 12402 | Lair:2   | Killed a seven-headed hydra
 12402 | Lair:2   | Reached skill level 5 in Fighting
 12453 | Lair:2   | Noticed Urug
 12455 | Lair:2   | Killed Urug
 12455 | Lair:2   | Gained mutation: A weak demonic guardian rushes to your aid. [demonic ancestry]
 12455 | Lair:2   | Reached XP level 12. HP: 44/86 MP: 7/16
 12728 | D:$      | Got out of the dungeon alive.

Vault maps used:
D:1:      lemuel_arrival_lava_pool, minmay_misc_feat_five, minivault_26,
          glass_columns_a
D:2:      kennysheep_big_flooded_room, fiery_altar_vehumet
D:3:      elyvilon_altar_5, uniq_natasha, uniq_ijyb
D:4:      lemuel_doored_altar, nicolae_overflow_crystal_walls, first_ration,
          kennysheep_generic_room_9
D:5:      lemuel_zombie_altar_kikubaaqudgha, trog_eyes_of_draining,
          gammafunk_temple_overflow_elements, minmay_temple_entry_butterflies,
          serial_shops, kennysheep_mini
D:6:      serial_shops, nicolae_shop_crystal
D:7:      fedhas_altar_3, uniq_duvessa
D:8:      grunt_temple_overflow_diamond, serial_shops, shop,
          nicolae_ossuary_entry_ruins
D:9:      grunt_pizzeria, uniq_prince_ribbit1
D:10:     minmay_lair_entry_grove, uniq_maurice
D:11:     orc_0_dummy, lab_entry_generic
Temple:   eino_temple_lava
Lair:1:   small_statue_intersection
Lair:2:   st_stairs_13, grunt_forest_stairs_basic, minmay_lair_oklob_chamber,
          uniq_urug
Ossuary:  ossuary_crypta

Skill      XL: |  1  2  3  4  5  6  7  8  9 10 11 |
---------------+----------------------------------+-----
Long Blades    | 2 3 4 5 7 8 10 12 13 | 13.9
Shields        | 5 6 8 |  8.2
Invocations    | 3 5 |  5.8
Armour         | 3 4 |  4.7
Dodging        | 1 3 |  3.6
Fighting       | 5 |  5.1

Action                   |  1- 3 |  4- 6 |  7- 9 | 10-12 || total
-------------------------+-------+-------+-------+-------++-------
Melee: Long sword        |   141 |   247 |   473 |   709 ||  1570
       Kick              |       |    58 |   149 |   199 ||   406
       Dagger            |       |       |       |    16 ||    16
Invok: Upheaval          |       |       |       |     5 ||     5
Evoke: Wand              |       |       |       |     3 ||     3
  Use: Potion            |       |     3 |     4 |     3 ||    10
       Scroll            |       |       |    18 |     6 ||    24
  Eat: Chunk             |     8 |    12 |     8 |    14 ||    42
       Ration            |       |       |       |     1 ||     1
Armor: Scale mail        |    68 |    49 |       |       ||   117
       Ring mail         |       |    40 |   119 |    83 ||   242
       Skin              |       |       |    16 |       ||    16
Dodge: Dodged            |    39 |    78 |    92 |    77 ||   286
Block: Shield            |    85 |   172 |   394 |   653 ||  1304
       Reflection        |       |       |     1 |    13 ||    14
       Rpst.: Long sword |    16 |    20 |    30 |    16 ||    82

Table legend:
 A = Spawn XP
 B = Non-spawn XP
 C = Spawn XP percentage of total XP
 D = Spawn monster count
 E = Non-spawn monster count
 F = Spawn count percentage of total count
 G = Total turns spent on level
                    A         B        C        D         E        F      G
               +---------+---------+-------+---------+---------+-------+---------
         Total |       0 |   22172 |   0.0 |       0 |     325 |   0.0 | 12728
               +---------+---------+-------+---------+---------+-------+---------
           D:1 |       0 |      55 |   0.0 |       0 |      29 |   0.0 |   877
           D:2 |       0 |      73 |   0.0 |       0 |      19 |   0.0 |  1019
           D:3 |       0 |     190 |   0.0 |       0 |      26 |   0.0 |   994
           D:4 |       0 |     342 |   0.0 |       0 |      18 |   0.0 |   951
           D:5 |       0 |     750 |   0.0 |       0 |      22 |   0.0 |   683
           D:6 |       0 |     814 |   0.0 |       0 |      23 |   0.0 |   567
           D:7 |       0 |    2484 |   0.0 |       0 |      39 |   0.0 |  1670
           D:8 |       0 |    2598 |   0.0 |       0 |      18 |   0.0 |  1055
           D:9 |       0 |    2513 |   0.0 |       0 |      36 |   0.0 |  1336
          D:10 |       0 |    3287 |   0.0 |       0 |      27 |   0.0 |  1132
          D:11 |       0 |    4396 |   0.0 |       0 |      36 |   0.0 |  1231
        Lair:1 |       0 |    1866 |   0.0 |       0 |      10 |   0.0 |   758
        Lair:2 |       0 |    2660 |   0.0 |       0 |      10 |   0.0 |   144
       Ossuary |       0 |     144 |   0.0 |       0 |      12 |   0.0 |   212
               +---------+---------+-------+---------+---------+-------+---------
